 Dungeon Crawl Stone Soup version 0.30-a0-782-ge64f9170bb (webtiles) character file.

Game seed: 3174576197683635500

187 funkygono the Firebug (level 5, -22/28 HPs)
             Began as a Gargoyle Fire Elementalist on Feb 23, 2023.
             Annihilated by an ogre
             ... wielding a +0 giant club
              (26 damage)
             ... on level 3 of the Dungeon.
             The game lasted 00:03:58 (3305 turns).

funkygono the Firebug (Gargoyle Fire Elementalist)  Turns: 3305, Time: 00:03:59

Health: -22/28     AC:  8    Str: 11    XL:     5   Next: 66%
Magic:  2/3        EV: 12    Int: 18    God:
Gold:   77         SH:  0    Dex: 10    Spells: 4/11 levels left

rFire   . . .      SeeInvis .    y - +1 flail (antimagic)
rCold   . . .      Faith    .    (no shield)
rNeg    + . .      Spirit   .    a - +0 robe
rPois   ∞          Reflect  .    u - +0 helmet
rElec   +          Harm     .    (no cloak)
rCorr   .          Rampage  .    l - +0 pair of gloves
Will    .....                    (no boots)
Stlth   ++                       (no amulet)
HPRegen 0.24/turn                (no ring)
MPRegen 0.08/turn                (no ring)

@: no status effects
A: sickness immunity, AC +4, negative energy resistance 1, electricity
resistance, torment resistance 1, petrification resistance
a: no special abilities


You were on level 3 of the Dungeon.
You visited 1 branch of the dungeon, and saw 3 of its levels.

You collected 194 gold pieces.
You spent 117 gold pieces at shops.

Inventory:

Hand Weapons
 g - a +0 whip
 y - a +1 antimagic flail (weapon)
Missiles
 e - 2 throwing nets
Armour
 a - a +0 robe (worn)
 l - a +0 pair of gloves (worn)
 u - a +0 helmet (worn)
 v - +0 fire dragon scales
Magical Staves
 t - a staff of fire
Scrolls
 i - a scroll of enchant weapon {unknown}
 j - 2 scrolls of torment {unknown}
 k - 2 scrolls of teleportation {unknown}
 m - a scroll of immolation {unknown}
 n - a scroll of fog {unknown}
 p - a scroll of magic mapping {unknown}
 r - 2 scrolls of identify {unknown}
 w - a scroll of blinking {unknown}
 x - a scroll of summoning {unknown}
Potions
 c - 2 potions of degeneration {unknown}
 d - 2 potions of flight {unknown}
 f - a potion of invisibility {unknown}
 h - a potion of heal wounds
 o - a potion of attraction {unknown}
 q - 3 potions of lignification {unknown}
 s - 2 potions of mutation {unknown}
 z - a potion of curing {unknown}
 A - 2 potions of might {unknown}


   Skills:
 + Level 0.5 Fighting
 + Level 1.9 Dodging
 - Level 2.1 Stealth
 + Level 3.6 Spellcasting
 + Level 2.4 Conjurations
 + Level 4.3 Fire Magic


You had 4 spell levels left.
You knew the following spells:

 Your Spells              Type           Power      Damage    Failure   Level
a - Foxfire               Conj/Fire      60%        2x1d7     3%          1
b - Scorch                Fire           38%        2d6       3%          2
c - Flame Wave            Conj/Fire      15%        2d7       36%         4

Your spell library contained the following spells:

 Spells                   Type           Power      Damage    Failure   Level
 Inner Flame              Hex/Fire       11%        N/A       19%         3
 Lesser Beckoning         Tloc           6%         N/A       24%         2
 Kindle Blastsparks       Fire/Tloc/Air  16%        2d11      26%         3
 Gell's Gravitas          Tloc           3%         N/A       43%         3
 Teleport Other           Tloc           3%         N/A       43%         3


Dungeon Overview and Level Annotations

Branches:
Dungeon (3/15)

Altars:

Shops:
D:3 [


Innate Abilities, Weirdness & Mutations

You are immune to sickness and miasma.
Your stone body is resilient. (AC +4)
You are immune to poison.
You resist negative energy. (rN+)
You are resistant to electric shocks. (rElec)
You are resistant to unholy torment.
You are immune to petrification.


Message History

The ball python is severely wounded.
The foxfire hits the ball python!
You kill the ball python!
Unknown command.
Casting: Scorch (safe; 3% risk of failure)
Confirm with . or Enter, or press ? or * to list all spells.
You don't have enough magic to cast this spell.
Casting: Scorch (safe; 3% risk of failure)
Confirm with . or Enter, or press ? or * to list all spells.
You don't have enough magic to cast this spell.
Unknown command.
It was a potion of heal wounds.
You feel much better. The ogre closely misses you.
Unknown command.
The ogre hits you with a +0 giant club!!
Ouch! That really hurt!
* * * LOW HITPOINT WARNING * * *
The ogre is no longer more vulnerable to fire.
Casting: Scorch (safe; 3% risk of failure)
Confirm with . or Enter, or press ? or * to list all spells.
You conjure some foxfire!
Casting: Foxfire (safe; 3% risk of failure)
Confirm with . or Enter, or press ? or * to list all spells.
You don't have enough magic to cast this spell.
Casting: Foxfire (safe; 3% risk of failure)
Confirm with . or Enter, or press ? or * to list all spells.
You don't have enough magic to cast this spell.
Unknown command.
The foxfire hits the ogre.
The ogre is moderately wounded.
The foxfire hits the ogre.
The ogre is severely wounded.
Magic courses through your body. The ogre hits you with a +0 giant club!
* * * LOW HITPOINT WARNING * * *
Casting: Foxfire (safe; 3% risk of failure)
Confirm with . or Enter, or press ? or * to list all spells.
You conjure some foxfire!
The ogre hits you with a +0 giant club!!
Ouch! That really hurt!
You die...

.........# #...# ########.#
#.#.## ## #......#.# #.#..# #.
#......#.# #####.##.# #.
.......#.# #.....##.# #.
#......#.# #.######.# #####.
#......#.###.#....#.########...#.
.......#.#(#.#...v..............>
.....###..##.#..@O##..#..#..#..#.
###### ##..#.#...v##.###...###.#.
#######....##.####..#..#..#..#.
##....####.###.# ###...###...##.
##..##.# #..##.# #....## ##.###.
#..###.# ##....###.....###...##.
..#..#.######.....†...#..#..#..#.
.##.##......#.######.###...###...
....#######.#.#.####).#..#..#..#.


You could see an ogre (ally target).

Vanquished Creatures
  A necrophage (D:3)
  4 gnolls (D:3)
  An adder (D:3)
  A worm (D:2)
  4 dart slugs
  4 orcs (D:3)
  An endoplasm (D:3)
  2 giant cockroaches (D:1)
  8 goblins
  5 hobgoblins
  4 jackals
  4 quokkas
  9 ball pythons
  6 bats
  6 frilled lizards
  8 kobolds
68 creatures vanquished.

Vanquished Creatures (others)
  185 foxfires
185 creatures vanquished.

Grand Total: 253 creatures vanquished

Notes
Turn   | Place    | Note
-------+----------+-------------------------------------------
     0 | D:1      | funkygono the Gargoyle Fire Elementalist began the quest
                  | for the Orb.
     0 | D:1      | Reached XP level 1. HP: 10/10 MP: 3/3
   127 | D:1      | Reached XP level 2. HP: 15/15 MP: 1/5
   130 | D:1      | Learned a level 2 spell: Scorch
   611 | D:1      | Reached XP level 3. HP: 19/19 MP: 4/6
  1760 | D:2      | Reached XP level 4. HP: 24/24 MP: 4/7
  2307 | D:3      | Found Jyhinn's Antique Armour Shoppe.
  2320 | D:3      | Noticed a necrophage
  2326 | D:3      | Killed a necrophage
  2327 | D:3      | Reached skill level 4 in Fire Magic
  2327 | D:3      | Reached XP level 5. HP: 27/28 MP: 1/9
  2397 | D:3      | Bought a helmet for 117 gold pieces
  2407 | D:3      | Learned a level 4 spell: Flame Wave
  3282 | D:3      | Noticed an ogre
  3305 | D:3      | Annihilated by an ogre

Illustrated notes

Levels and vault maps discovered:
D:1:      sevenhm_arrival_forest_fort_large_3, layout_basic, minmay_door_square,
          st_stairs_14, minmay_split_cup_small
D:2:      layout_basic
D:3:      layout_basic, serial_shops, nicolae_shop_stone,
          serial_co_window_serial, co_window_corner_a, co_window_paths_a,
          co_window_corner_a, co_window_paths_a, co_window_corner_a,
          co_window_broadway_a, co_window_corner_cb, co_window_corner_b,
          co_window_4corner_a, glass_columns_a, glass_columns_c,
          chequers_serial_rivers_marsh, minmay_strange_pillars

Skill      XL: |  1  2  3  4 |
---------------+-------------+-----
Spellcasting   | 3 |  3.6
Conjurations   | 2 |  2.4
Fire Magic     | 4 |  4.3
Fighting       | |  0.5
Dodging        | |  1.9
Stealth        | |  2.1

Action                     |  1- 3 |  4- 6 || total
---------------------------+-------+-------++-------
  Melee: Unarmed           |    24 |       ||    24
         Punch             |     1 |       ||     1
         Whip              |     2 |       ||     2
   Cast: Foxfire           |    65 |    44 ||   109
         Scorch            |     3 |     8 ||    11
    Use: Potion            |       |     2 ||     2
 Armour: Robe              |    17 |     2 ||    19
  Dodge: Dodged            |    41 |     7 ||    48

Table legend: (Time is in decaauts)
 A = Elapsed time spent in this place.
 B = Non-inter-level travel time spent in this place.
 C = Inter-level travel time spent in this place.
 D = Time resting spent in this place.
 E = Time spent auto-exploring this place.
 F = Levels seen in this place.
 G = Mean time per level.
                   A        B        C        D        E       F      G
               +--------+--------+--------+--------+--------+-----+--------+
         Total |   3304 |   3268 |     36 |    209 |   2579 |   3 | 1101.3 |
       Dungeon |   3304 |   3268 |     36 |    209 |   2579 |   3 | 1101.3 |
               +--------+--------+--------+--------+--------+-----+--------+

Top non-repeatable levels by time:
     D:1: 1150 daAuts
     D:2: 1084 daAuts
     D:3: 1069 daAuts
